 Dungeon Crawl Stone Soup version 0.23.2-11-gf996548c65 (webtiles) character file.

Game seed: 1882207547310792372

88 Brecoman the Slasher (level 4, -4/40 HPs)
             Began as a Minotaur Berserker on June 2, 2019.
             Was a Believer of Trog.
             Slain by a goblin (6 damage)
             ... led by Robin
             ... on level 3 of the Dungeon.
             The game lasted 00:02:56 (1949 turns).

Brecoman the Slasher (Minotaur Berserker)           Turns: 1949, Time: 00:02:56

Health: -4/40      AC:  5    Str: 23    XL:     4   Next: 29%
Magic:  3/3        EV: 12    Int:  4    God:    Trog [**....]
Gold:   78         SH:  0    Dex:  9    Spells: 3/3 levels left

rFire    . . .     SeeInvis .   a - +0 falchion
rCold    . . .     Gourm    .   (no shield)
rNeg     . . .     Faith    .   j - +0 ring mail
rPois    .         Spirit   .   (helmet restricted)
rElec    .         Reflect  .   (no cloak)
rCorr    .         Harm     .   (no gloves)
MR       .....                  (no boots)
Stlth    ..........             (no amulet)
HPRegen  0.13/turn              (no ring)
MPRegen  0.08/turn              (no ring)

@: no status effects
A: retaliatory headbutt, horns 2
a: Berserk, Trog's Hand, Renounce Religion


You were on level 3 of the Dungeon.
You worshipped Trog.
Trog was pleased with you.
You were not hungry.

You visited 1 branch of the dungeon, and saw 3 of its levels.

You collected 78 gold pieces.

Inventory:

Hand Weapons
 a - a +0 falchion (weapon)
Missiles
 k - 20 stones
 n - 2 tomahawks (quivered)
Armour
 j - a +0 ring mail (worn)
Scrolls
 b - 2 scrolls of enchant weapon {unknown}
 e - a scroll of teleportation {unknown}
 f - 2 scrolls of remove curse {unknown}
 i - 3 scrolls of identify {unknown}
 q - a scroll of fear {unknown}
Potions
 d - a potion of ambrosia {unknown}
 g - a potion of degeneration {unknown}
 h - 2 potions of cancellation {unknown}
 m - a potion of curing {unknown}
 o - a potion of flight {unknown}
 p - a potion of brilliance {unknown}
Comestibles
 c - 3 rations


   Skills:
 + Level 4.2 Fighting
 * Level 4.9 Long Blades
 + Level 3.2 Armour
 + Level 2.9 Dodging


You had 3 spell levels left.
You didn't know any spells.
Your spell library was empty.

Dungeon Overview and Level Annotations

Branches:
Dungeon (3/15)

Altars:

Annotations:
D:3 Robin


Innate Abilities, Weirdness & Mutations

You reflexively headbutt those who attack you in melee.
You have a pair of horns on your head.


Message History

Trog accepts your kill. The goblin hits you with a +0 dagger.
* * * LOW HITPOINT WARNING * * *
The goblin hits you but does no damage. The quokka bites you.
* * * LOW HITPOINT WARNING * * *
Robin hits you with a +5 club.
* * * LOW HITPOINT WARNING * * *
The hobgoblin hits you with a +0 club.
* * * LOW HITPOINT WARNING * * *
The goblin completely misses you.
You riposte.
You hit the goblin.
You kill the goblin!
Trog accepts your kill. Robin hits you but does no damage.
The hobgoblin hits you with a +0 club.
* * * LOW HITPOINT WARNING * * *
You see here a +0 dagger.
Robin hits you but does no damage.
There is a stone staircase leading up here.
The hobgoblin no longer looks unusually strong.
The quokka barely misses you. The goblin hits you.
You die...

#####
##.$.##
##.....##
#..$....# .
#.......# ..
#.......#...
#..@K......
##.grg.#####
#..)g)....#
#...†)......
#...........
##..........
##....>....
####......
#...##


You could see Robin, a quokka, a hobgoblin, a goblin and a kobold.

Vanquished Creatures
  3 adders (D:2)
  An ooze (D:1)
  2 worms (D:2)
  2 dart slugs (D:1)
  4 bats
  2 giant cockroaches
  11 goblins
  4 hobgoblins
  4 jackals (D:2)
  2 kobolds
  A ball python (D:1)
  6 frilled lizards
  5 rats
47 creatures vanquished.

Notes
Turn   | Place    | Note
-------+----------+-------------------------------------------
     0 | D:1      | Brecoman the Minotaur Berserker began the quest for the
                  | Orb.
     0 | D:1      | Reached XP level 1. HP: 19/19 MP: 0/0
     6 | D:1      | Noticed a black mamba
     6 | D:1      | Noticed a crocodile
     6 | D:1      | Noticed an eight-headed hydra
   210 | D:1      | Reached XP level 2. HP: 23/27 MP: 1/1
   953 | D:2      | Reached XP level 3. HP: 19/33 MP: 2/2
  1455 | D:2      | Reached ** piety under Trog
  1461 | D:2      | Reached XP level 4. HP: 36/40 MP: 3/3
  1933 | D:3      | Noticed Robin
  1947 | D:3      | HP: 2/40 [hobgoblin/+0 club[Robin] (1)]
  1949 | D:3      | Slain by a goblin

Skill      XL: |  1  2  3 |
---------------+----------+-----
Long Blades    | 4 |  4.9
Fighting       | 4 |  4.2
Armour         | 3 |  3.2
Dodging        | |  2.9

Action                   |  1- 3 |  4- 6 || total
-------------------------+-------+-------++-------
Melee: Falchion          |    75 |    18 ||    93
       Headbutt          |    16 |     2 ||    18
Throw: Tomahawk          |     2 |       ||     2
  Eat: Chunk             |     2 |     1 ||     3
Armor: Leather armour    |     3 |       ||     3
       Ring mail         |    15 |    21 ||    36
Dodge: Dodged            |    42 |    28 ||    70
       Rpst.: Falchion   |     9 |     8 ||    17
